 Dungeon Crawl Stone Soup version 0.22.1-1-ga44c0e5 (webtiles) character file.

57 Tr0llz0r the Ruffian (level 4, -1/34 HPs)
             Began as a Gnoll Wanderer on Oct 25, 2018.
             Slain by a gnoll
             ... wielding a +0 flail
              (4 damage)
             ... on level 2 of the Dungeon.
             The game lasted 00:05:27 (1443 turns).

Tr0llz0r the Ruffian (Gnoll Wanderer)               Turns: 1443, Time: 00:05:28

Health: -1/34      AC:  5    Str: 12 (15) XL:     4   Next: 0%
Magic:  8/8        EV: 10    Int: 13 (15) God:
Gold:   79         SH:  0    Dex: 13 (14) Spells: 8/8 levels left

rFire    . . .     SeeInvis +   i - +0 hand axe (chop)
rCold    . . .     Gourm    .   (no shield)
rNeg     . . .     Faith    .   a - +0 ring mail
rPois    .         Spirit   .   (no helmet)
rElec    .         Reflect  .   (no cloak)
rCorr    .         Harm     .   (no gloves)
MR       .....                  (no boots)
Stlth    ++........             (no amulet)
HPRegen  0.11/turn              o - ring of see invisible
MPRegen  0.11/turn              (no ring)

@: flying
A: distributed training, fangs 1, strong nose
a: no special abilities


You were on level 2 of the Dungeon.
You were not hungry.

You visited 1 branch of the dungeon, and saw 2 of its levels.

You collected 79 gold pieces.

Inventory:

Hand Weapons
 e - a +0 dagger
 i - a +0 hand axe of chopping (weapon)
 j - a +0 mace
 n - a +0 dagger of protection
Missiles
 b - 22 poisoned needles
 g - 87 stones (quivered)
 k - 21 arrows
 q - 12 sling bullets
Armour
 a - a +0 ring mail (worn)
 d - a +0 robe
 l - a +0 leather armour
Jewellery
 o - a ring of see invisible (left hand)
Scrolls
 c - a scroll of teleportation
 m - 2 scrolls of amnesia {unknown}
Comestibles
 f - 3 rations


   Skills:
 + Level 2.6 Fighting
 + Level 1.0 Short Blades
 + Level 1.0 Long Blades
 + Level 1.0 Axes
 + Level 1.0 Maces & Flails
 + Level 1.0 Polearms
 + Level 1.0 Staves
 + Level 1.0 Slings
 + Level 1.0 Bows
 + Level 1.0 Crossbows
 + Level 1.0 Throwing
 + Level 1.0 Armour
 + Level 1.0 Dodging
 + Level 4.2 Stealth
 + Level 2.6 Shields
 + Level 6.5 Unarmed Combat
 + Level 2.9 Spellcasting
 + Level 0.7 Conjurations
 + Level 0.7 Hexes
 + Level 0.7 Charms
 + Level 2.1 Summonings
 + Level 0.7 Necromancy
 + Level 0.7 Translocations
 + Level 0.7 Transmutations
 + Level 2.1 Fire Magic
 + Level 0.7 Ice Magic
 + Level 0.7 Air Magic
 + Level 0.7 Earth Magic
 + Level 0.7 Poison Magic
 + Level 1.0 Invocations
 + Level 1.0 Evocations


You had 8 spell levels left.
You didn't know any spells.
Your spell library contained the following spells:

 Spells                   Type           Power        Failure   Level  Hunger
 Summon Small Mammal      Summ           #...         22%         1    #......
 Call Imp                 Summ           #.......     32%         2    ###....
 Magic Dart               Conj           #...         36%         1    #......
 Blink                    Tloc           N/A          52%         2    ###....
 Slow                     Hex            #.......     52%         2    ###....
 Call Canine Familiar     Summ           #.......     54%         3    ###....
 Conjure Flame            Conj/Fire      #.......     65%         3    ###....
 Mephitic Cloud           Conj/Pois/Air  #.......     75%         3    ###....


Dungeon Overview and Level Annotations

Branches:
Dungeon (2/15)

Altars:
Cheibriados


Innate Abilities, Weirdness & Mutations

Your experience applies equally to all skills.
You have very sharp teeth.
Your uncanny sense of smell can sniff out nearby items.


Message History

The gnoll is moderately wounded.
You closely miss the gnoll.
The gnoll hits you from afar with a spear.
The gnoll closely misses you. The gnoll barely misses you.
The gnoll hits you but does no damage.
The gnoll hits you from afar with an enchanted spear.
It was a potion of degeneration.
There was something very wrong with that liquid.
You feel weakened.
You feel dopey.
You feel clumsy. The gnoll barely misses you. The gnoll closely misses you. x2
You feel very buoyant.
You fly up into the air.
The gnoll hits you with a flail. x2
* * * LOW HITPOINT WARNING * * *
The gnoll hits you but does no damage.
The gnoll hits you from afar with an enchanted spear.
* * * LOW HITPOINT WARNING * * *
You barely miss the gnoll. You bite the gnoll, but do no damage.
The gnoll is moderately wounded.
You hit the gnoll but do no damage. The gnoll hits you with a flail.
You die...

..# #.# #.#
#.# #.# #.#
#.# #.# ..#
#.######.#
#.#
#........#
###.#
#.########
.gg# #.#
#g#######.#
#@g.......#
###########


You could see 4 gnolls.

Vanquished Creatures
  An adder (D:2)
  A worm (D:2)
  2 dart slugs (D:2)
  3 leopard geckos (D:2)
  2 bats (D:1)
  2 giant cockroaches
  6 goblins
  2 hobgoblins (D:1)
  3 jackals (D:1)
  A quokka (D:2)
  A frilled lizard (D:2)
  6 kobolds
  4 rats (D:1)
34 creatures vanquished.

Notes
Turn   | Place    | Note
-------+----------+-------------------------------------------
     0 | D:1      | Tr0llz0r the Gnoll Wanderer began the quest for the Orb.
     0 | D:1      | Tr0llz0r set off with: a scroll of teleportation, a +0
                  | robe, a +0 dagger, a ration
     0 | D:1      | Reached XP level 1. HP: 17/17 MP: 4/4
   235 | D:1      | Reached XP level 2. HP: 19/23 MP: 5/5
   824 | D:2      | Reached XP level 3. HP: 26/28 MP: 7/7
   966 | D:2      | Reached skill level 1 in Invocations
  1074 | D:2      | Found a snail-covered altar of Cheibriados.
  1147 | D:2      | Reached skill level 1 in Short Blades
  1147 | D:2      | Reached skill level 1 in Long Blades
  1147 | D:2      | Reached skill level 1 in Axes
  1147 | D:2      | Reached skill level 1 in Maces & Flails
  1147 | D:2      | Reached skill level 1 in Polearms
  1147 | D:2      | Reached skill level 1 in Staves
  1147 | D:2      | Reached skill level 1 in Slings
  1147 | D:2      | Reached skill level 1 in Bows
  1147 | D:2      | Reached skill level 1 in Crossbows
  1147 | D:2      | Reached skill level 1 in Throwing
  1147 | D:2      | Reached skill level 1 in Armour
  1147 | D:2      | Reached skill level 1 in Dodging
  1147 | D:2      | Reached skill level 1 in Evocations
  1435 | D:2      | Reached XP level 4. HP: 34/34 MP: 8/8
  1443 | D:2      | Slain by a gnoll

Skill      XL: |  1  2  3 |
---------------+----------+-----
Summonings     | 2 |  2.1
Fire Magic     | 2 |  2.1
Invocations    | 1 |  1.0
Short Blades   | 1 |  1.0
Long Blades    | 1 |  1.0
Axes           | 1 |  1.0
Maces & Flails | 1 |  1.0
Polearms       | 1 |  1.0
Staves         | 1 |  1.0
Slings         | 1 |  1.0
Bows           | 1 |  1.0
Crossbows      | 1 |  1.0
Throwing       | 1 |  1.0
Armour         | 1 |  1.0
Dodging        | 1 |  1.0
Evocations     | 1 |  1.0
Fighting       | |  2.6
Stealth        | |  4.2
Shields        | |  2.6
Unarmed Combat | |  6.5
Spellcasting   | |  2.9
Conjurations   | |  0.7
Hexes          | |  0.7
Charms         | |  0.7
Necromancy     | |  0.7
Translocations | |  0.7
Transmutations | |  0.7
Ice Magic      | |  0.7
Air Magic      | |  0.7
Earth Magic    | |  0.7
Poison Magic   | |  0.7

Action                   |  1- 3 |  4- 6 || total
-------------------------+-------+-------++-------
Melee: Dagger            |    24 |       ||    24
       Hand axe          |    66 |     6 ||    72
       Bite              |     8 |     1 ||     9
       Punch             |     2 |     1 ||     3
  Use: Potion            |     4 |     2 ||     6
 Stab: Sleeping          |     2 |       ||     2
  Eat: Ration            |     1 |       ||     1
Armor: Robe              |    15 |       ||    15
       Leather armour    |     3 |       ||     3
       Ring mail         |    17 |     1 ||    18
Dodge: Dodged            |    84 |    11 ||    95
